 Dungeon Crawl Stone Soup version 0.31.0-32-g396128a36d (webtiles) character file.

Game seed: 7200656983134431519

26 spica the Conjurer (level 2, 20/20 HPs)
             Began as a Draconian Conjurer on Mar 29, 2024.
             Quit the game on level 1 of the Dungeon.
             The game lasted 00:02:30 (1466 turns).

spica the Conjurer (Draconian Conjurer)             Turns: 1466, Time: 00:02:30

Health: 20/20      AC:  5    Str:  9    XL:     2   Next: 89%
Magic:  5/5        EV: 12    Int: 18    God:
Gold:   21         SH:  0    Dex:  9    Spells: 5/6 levels left

rFire   . . .        (no weapon)
rCold   . . .        (no shield)
rNeg    . . .        (body armour unavailable)
rPois   .            (helmet restricted)
rElec   .            (no cloak)
rCorr   .            (no gloves)
SInv    .            l - +0 pair of boots
Will    .....        (no amulet)
Stlth   ++           (no ring)
HPRegen 0.23/turn    (no ring)
MPRegen 0.09/turn

%: no passive effects
@: no status effects
A: AC +4, unfitting armour, cold-blooded
a: no special abilities


You were on level 1 of the Dungeon.
You visited 1 branch of the dungeon, and saw 1 of its levels.

You collected 21 gold pieces.

Inventory:

Armour
 l - a +0 pair of boots (worn)
Scrolls
 b - 2 scrolls of torment {unknown}
 c - 3 scrolls of enchant armour {unknown}
 d - a scroll of poison {unknown}
 f - a scroll of fear {unknown}
 g - a scroll of butterflies {unknown}
 i - 2 scrolls of noise {unknown}
 j - a scroll of blinking {unknown}
 k - a scroll of fog {unknown}
 n - a scroll of revelation {unknown}
Potions
 a - a potion of magic
 e - a potion of degeneration {unknown}
 h - a potion of heal wounds {unknown}
 m - a potion of attraction {unknown}


   Skills:
 - Level 1.8 Dodging
 - Level 1.8 Stealth
 + Level 2.6 Spellcasting
 + Level 4.4 Conjurations


You had 5 spell levels left.
You knew the following spells:

 Your Spells              Type           Power      Damage    Failure   Level
a - Magic Dart            Conj           72%        1d6       2%          1

Your spell library contained the following spells:

 Spells                   Type           Power      Damage    Failure   Level
 Searing Ray              Conj           36%        2d5       4%          2
 Fulminant Prism          Conj/Alch      5%         3d7       56%         4
 Iskenderun's Mystic Bla  Conj/Tloc      10%        2d4       56%         4
 Chain Lightning          Conj/Air       5%         3d6       100%        9
 Fire Storm               Conj/Fire      5%         8d1       100%        9
 Shatter                  Erth           1%         3d5*      100%        9


Dungeon Overview and Level Annotations

Branches:
Dungeon (1/15)

Altars:


Innate Abilities, Weirdness & Mutations

Your plain brown scales are hard. (AC +4)
You cannot fit into any form of body armour.
You are cold-blooded and may be slowed by cold attacks.


Message History

You barely miss the kobold.
The kobold is moderately wounded.
The kobold hits you but does no damage.
You hit the kobold but do no damage.
The kobold is moderately wounded.
The kobold closely misses you.
You closely miss the kobold.
The kobold is moderately wounded.
The kobold hits you with a +0 dagger.
You closely miss the kobold. The kobold closely misses you.
You closely miss the kobold. The kobold hits you but does no damage.
You closely miss the kobold.
Your tail-slap misses the kobold.
The kobold hits you but does no damage.
You closely miss the kobold. The kobold barely misses you.
You hit the kobold but do no damage. The kobold barely misses you.
You hit the kobold.
The kobold is moderately wounded.
The kobold hits you but does no damage.
You hit the kobold.
You kill the kobold!
No target in view!
No target in view!
No target in view!
No target in view!
No target in view!
No target in view!
No target in view!
No target in view!
No target in view!
You pick up a book of Annihilations and begin reading...
You add the spells Chain Lightning, Fire Storm and Shatter to your library.
You see here a rat corpse.
You see here a +0 dagger.
You enter the shallow water.
Moving in this stuff is going to be slow.
There is a dry fountain here.
Done exploring.
Done exploring.
Okay, then.
Are you sure you want to abandon this character and quit the game? (Confirm with "yes".)

#
#.~###~≈≈~###~..#.####
# #.#...#~≈#...#..#.#
###.#.⌠.#..#.⌠.#.##.#
....#...#..#...#.##.#
###..###....###.....#
#..............####
#####.###.######
#.....# ########
#.##### #@.....# ###
#.### #.####.#
#.#####.#.## #.# #.#
.#...##..#.#####.####.#
###..##.###.........#.#
# ##.##..#..####.##.#.#
##.....)..# #.##.#.# #
##........## #......###
###..#.....##
##.......#


There were no monsters in sight!

Vanquished Creatures
  2 ball pythons (D:1)
  3 endoplasms (D:1)
  A giant cockroach (D:1)
  A goblin (D:1)
  2 hobgoblins (D:1)
  6 kobolds (D:1)
  A quokka (D:1)
  4 bats (D:1)
  A frilled lizard (D:1)
  3 rats (D:1)
24 creatures vanquished.

Notes
Turn   | Place    | Note
-------+----------+-------------------------------------------
     0 | D:1      | spica the Draconian Conjurer began the quest for the Orb.
     0 | D:1      | Reached XP level 1. HP: 14/14 MP: 3/3
   406 | D:1      | Reached XP level 2. HP: 11/20 MP: 5/5
  1466 | D:1      | Quit the game

Illustrated notes

Levels and vault maps discovered:
D:1:      nicolae_arrival_somewhat_less_tricky_arrival, layout_loops_corners,
          minmay_liquid_box, chequers_jeans, fountainhead, minmay_pentomino_s2

Action                     || total
---------------------------++-------
  Melee: Unarmed           ||   161
         Tailslap          ||    17
         Punch             ||     2
   Cast: Magic Dart        ||    10
   Stab: Sleeping          ||     2
 Armour: Skin              ||    97
  Dodge: Dodged            ||    98
